 Dungeon Crawl Stone Soup version 0.26.1-11-gd32895ea62 (webtiles) character file.

Game seed: 8995688092911851276

331 Granthy the Sneak (level 6, -6/37 HPs)
             Began as an Octopode Conjurer on July 26, 2021.
             Was an Initiate of Sif Muna.
             Mangled by an ogre
             ... wielding a +0 giant club
              (14 damage)
             ... on level 5 of the Dungeon.
             The game lasted 00:13:08 (4329 turns).

Granthy the Sneak (Octopode Conjurer)               Turns: 4329, Time: 00:13:09

Health: -6/37      AC:  1    Str:  6    XL:     6   Next: 51%
Magic:  8/19       EV: 13    Int: 22    God:    Sif Muna [......]
Gold:   173        SH:  0    Dex: 11    Spells: 5/11 levels left

rFire    + + .     SeeInvis .   q - +2 dagger (speed)
rCold    x . .     Faith    .   (no shield)
rNeg     . . .     Spirit   .   (helmet restricted)
rPois    .         Reflect  .   u - amulet of the acrobat
rElec    .         Harm     .   f - ring of wizardry
rCorr    .         Rampage  .   b - ring of protection from fire
Will     .....                  i - ring of fire
Stlth    +++++.....             p - ring of stealth
HPRegen  0.12/turn              s - ring of magical power
MPRegen  0.16/turn              (no ring)
                                (no ring)
                                (no ring)

@: no status effects
A: almost no armour, stealthy swim, amphibious, 8 rings, constrict 8, camouflage
1, gelatinous body 1
a: Renounce Religion


You were on level 5 of the Dungeon.
You worshipped Sif Muna.
Sif Muna was noncommittal.
You visited 1 branch of the dungeon, and saw 5 of its levels.

You collected 173 gold pieces.

Inventory:

Hand Weapons
 q - a +2 dagger of speed (weapon)
Jewellery
 b - a ring of protection from fire (right tentacle)
 f - a ring of wizardry (left tentacle)
 i - a ring of fire (on tentacle)
 p - a ring of stealth (on tentacle)
 s - a ring of magical power (on tentacle)
 u - an amulet of the acrobat (around mantle)
Wands
 d - a wand of acid (19)
 y - a wand of random effects (25)
Scrolls
 e - 3 scrolls of identify
 g - a scroll of enchant armour {unknown}
 j - 2 scrolls of blinking
 l - a scroll of amnesia {unknown}
 o - 2 scrolls of remove curse
 w - a scroll of fear {unknown}
 x - a scroll of magic mapping {unknown}
Potions
 a - 2 potions of might {unknown}
 c - a potion of brilliance {unknown}
 h - a potion of invisibility {unknown}
 k - 2 potions of attraction {unknown}
 m - a potion of lignification {unknown}
 n - a potion of resistance {unknown}
 r - a potion of ambrosia {unknown}
 t - a potion of degeneration {unknown}
 v - 2 potions of heal wounds {unknown}
 z - a potion of haste {unknown}


   Skills:
 - Level 0.3 Fighting
 + Level 1.5 Short Blades
 - Level 2.0 Dodging
 * Level 6.6 Stealth
 + Level 3.2 Spellcasting
 + Level 5.1 Conjurations


You had 5 spell levels left.
You knew the following spells:

 Your Spells              Type           Power        Failure   Level
a - Magic Dart            Conj           100%         1%          1
b - Searing Ray           Conj           52%          1%          2
c - Dazzling Flash        Conj/Hex       28%          5%          3

Your spell library contained the following spells:

 Spells                   Type           Power        Failure   Level
 Shock                    Conj/Air       56%          1%          1
 Beastly Appendage        Tmut           6%           4%          1
 Fulminant Prism          Conj/Hex       7%           16%         4
 Iskenderun's Mystic Bla  Conj/Tloc      14%          16%         4


Dungeon Overview and Level Annotations

Branches:
Dungeon (5/15)
 Temple: D:4-7

Altars:
Sif Muna
Trog
Vehumet


Innate Abilities, Weirdness & Mutations

You cannot wear most types of armour.
You are very stealthy in the water. (Stealth+)
You are amphibious.
You can wear up to eight rings at the same time.
You can use your tentacles to constrict eight enemies at once.
Your skin changes colour to match your surroundings (Stealth+).
Your rubbery body absorbs attacks. (AC +1, EV +1)


Message History

The ogre misses you.
Casting: Dazzling Flash (dangerous; 5% risk of failure)
Confirm with . or Enter, or press ? or * to list all spells.
The ogre hits you with a +0 giant club!!
Ouch! That really hurt!
Casting: Dazzling Flash (dangerous; 5% risk of failure)
Confirm with . or Enter, or press ? or * to list all spells.
Casting: Dazzling Flash (dangerous; 5% risk of failure)
Confirm with . or Enter, or press ? or * to list all spells.
The ogre is dazzled.
The ogre hits you with a +0 giant club!
* * * LOW HITPOINT WARNING * * *
You hit the ogre.
The ogre is severely wounded.
The ogre completely misses you.
You hit the ogre.
The ogre is severely wounded.
You hit the ogre but do no damage.
The ogre is severely wounded.
The ogre hits you with a +0 giant club!
You die...

P≈ .... .≈P≈ P≈≈... #..
P≈≈ P≈♣P.. #.#####P≈♣
PP≈PP≈######.#<...P≈♣♣
.P≈PP≈...#......#.PP≈♣♣♣
.PP≈≈P.....#.##.#..≈≈PP♣
...PP≈.............≈PP≈≈
......O....#.##.#..#..P.
##...@...####.#.## +#
#..............<#
#......#####.#..#
#......+ .......
#......# ###......
#......# #......P
#......# #....≈≈≈≈
#......# #.P≈≈≈≈P≈≈
#.(P≈≈♣♣♣♣


You could see an ogre (blind).

Vanquished Creatures
  An orc warrior (D:4)
  3 orc wizards (D:4)
  3 adders
  An ooze (D:2)
  8 worms
  2 dart slugs (D:2)
  3 leopard geckos
  8 orcs
  3 giant cockroaches
  6 goblins
  9 hobgoblins
  3 jackals (D:4)
  3 quokkas
  4 ball pythons
  7 bats
  4 frilled lizards
  4 kobolds
  30 rats
102 creatures vanquished.

Vanquished Creatures (others)
  2 plants (D:5)
2 creatures vanquished.

Grand Total: 104 creatures vanquished

Notes
Turn   | Place    | Note
-------+----------+-------------------------------------------
     0 | D:1      | Granthy the Octopode Conjurer began the quest for the Orb.
     0 | D:1      | Reached XP level 1. HP: 11/11 MP: 3/3
    44 | D:1      | You fall into a shaft and drop 1 floor!
   188 | D:1      | Reached XP level 2. HP: 8/17 MP: 0/5
   913 | D:1      | Reached skill level 3 in Stealth
  1331 | D:2      | Reached XP level 3. HP: 18/21 MP: 0/6
  1687 | D:2      | Learned a level 2 spell: Searing Ray
  2073 | D:2      | Reached XP level 4. HP: 26/27 MP: 1/7
  2354 | D:2      | Reached skill level 5 in Conjurations
  3123 | D:3      | Reached skill level 4 in Stealth
  3127 | D:3      | Reached XP level 5. HP: 32/32 MP: 9/9
  3418 | D:4      | Reached skill level 5 in Stealth
  3777 | D:4      | Noticed an orc warrior
  3778 | D:4      | Found a bloodstained altar of Trog.
  3802 | D:4      | Killed an orc warrior
  3803 | D:4      | Reached skill level 1 in Short Blades
  3803 | D:4      | Reached skill level 6 in Stealth
  3803 | D:4      | Reached XP level 6. HP: 19/37 MP: 10/10
  3964 | D:4      | Found a shimmering blue altar of Sif Muna.
  3977 | D:4      | Identified Sif Muna's Compendium of the Shifting Birds
  3980 | D:4      | Became a worshipper of Sif Muna the Loreminder
  4029 | D:4      | Found a radiant altar of Vehumet.
  4297 | D:5      | Entered Level 5 of the Dungeon
  4306 | D:5      | Learned a level 3 spell: Dazzling Flash
  4329 | D:5      | Mangled by an ogre

Illustrated notes

Levels and vault maps discovered:
D:1:      sevenhm_arrival_forest_fort_small_3, layout_rooms
D:2:      layout_rooms, kennysheep_big_empty_room, minmay_diced_spiral
D:3:      layout_rooms, grunt_ministairs_12, st_stairs_8, minmay_rat_hole
D:4:      layout_basic, nzn_overflow_gifts_of_might_and_magic,
          lemuel_round_altar
D:5:      layout_basic, yredelemnul_altar_generic, serial_bayou,
          serial_bayou_ford_a, serial_bayou_pond_c, serial_bayou_pond_c,
          serial_bayou_lagoon_a, ebering_ghost_reflecting_pool

Skill      XL: |  1  2  3  4  5 |
---------------+----------------+-----
Stealth        | 3 4 6 |  6.6
Conjurations   | 5 |  5.1
Spellcasting   | 3 |  3.2
Short Blades   | 1 |  1.5
Fighting       | |  0.3
Dodging        | |  2.0

Action                   |  1- 3 |  4- 6 || total
-------------------------+-------+-------++-------
Melee: Spear             |     3 |       ||     3
       Constrict         |     4 |    14 ||    18
       Tentacles         |     1 |    11 ||    12
       Dagger            |     9 |    80 ||    89
 Cast: Magic Dart        |    59 |    15 ||    74
       Searing Ray       |     5 |    13 ||    18
       Dazzling Flash    |       |     4 ||     4
  Use: Scroll            |       |     3 ||     3
 Stab: Sleeping          |     4 |    14 ||    18
       Invisible         |       |     1 ||     1
Armor: Skin              |     8 |       ||     8
Dodge: Dodged            |    17 |    36 ||    53
